 Dungeon Crawl Stone Soup version 0.18.1-48-g4cf74bf (webtiles) character file.

43 Lennu the Chiller (level 3, -8/24 HPs)
             Began as a Merfolk Ice Elementalist on July 7, 2016.
             Mangled by a worm (12 damage)
             ... on level 2 of the Dungeon.
             The game lasted 00:04:41 (2272 turns).

Lennu the Chiller (Merfolk Ice Elementalist)        Turns: 2272, Time: 00:04:42

Health: -8/24      AC:  2    Str:  9    XL:     3   Next: 58%
Magic:  1/6        EV: 13    Int: 14    God:
Gold:   74         SH:  0    Dex: 14    Spells: 1 memorised, 6 levels left

rFire  . . .     SeeInvis .     q - +0 trident
rCold  . . .     Gourm    .     a - +0 robe
rNeg   . . .     Faith    .     (no shield)
rPois  .         Spirit   .     (no helmet)
rElec  .         Dismiss  .     (no cloak)
rCorr  .         Reflect  .     (no gloves)
SustAt .         Harm     .     (no boots)
MR     .....                    (no amulet)
Stlth  ++........               (no ring)
                                (no ring)

@: very slightly contaminated, not resistant to hostile enchantments, unstealthy
A: change form in water, swift swim
a: no special abilities


You were on level 2 of the Dungeon.
You were not hungry.

You visited 1 branch of the dungeon, and saw 2 of its levels.

You collected 74 gold pieces.

Inventory:

Hand Weapons
 q - a +0 trident (weapon)
Armour
 a - a +0 robe (worn)
Scrolls
 e - a scroll of recharging {unknown}
 f - a scroll of remove curse {unknown}
 j - 4 scrolls of identify {unknown}
 m - a scroll of immolation {unknown}
 n - 2 scrolls of fear {unknown}
Potions
 d - a potion of haste {unknown}
 g - a potion of flight {unknown}
 h - a potion of degeneration {unknown}
 k - 2 potions of curing {unknown}
 l - a potion of invisibility {unknown}
 o - a potion of beneficial mutation {unknown}
 p - a potion of cure mutation {unknown}
Books
 b - a book of Frost

   Spells                             Type                      Level
   a - Freeze                         Ice                          1
   b - Throw Frost                    Conjuration/Ice              2
   c - Ozocubu's Armour               Charms/Ice                   3
   d - Throw Icicle                   Conjuration/Ice              4
   e - Summon Ice Beast               Ice/Summoning                4
Comestibles
 c - 3 bread rations


   Skills:
 + Level 0.2 Fighting
   Level 0.2 Short Blades
 + Level 3.5 Dodging
 + Level 2.3 Stealth
 + Level 2.6 Spellcasting
   Level 0.7 Conjurations
 + Level 3.7 Ice Magic


You had 6 spell levels left.
You knew the following spells:

 Your Spells              Type           Power        Failure   Level  Hunger
a - Freeze                Ice            ##..         6%          1    #......


Dungeon Overview and Level Annotations

Branches:
Dungeon (2/15)

Altars:
Nemelex Xobeh
Vehumet


Message History

The worm is heavily wounded.
Casting: Freeze
Confirm with . or Enter, or press ? or * to list all spells.
Aiming: Freeze
Press: ? - help, Shift-Dir - straight line, f/p - worm
Aim: a worm (heavily wounded)
You freeze the worm.
The worm is severely wounded.
The worm bites you!
* * * LOW HITPOINT WARNING * * *
Casting: Freeze
Confirm with . or Enter, or press ? or * to list all spells.
Aiming: Freeze
Press: ? - help, Shift-Dir - straight line, f/p - worm
Aim: a worm (severely wounded)
You freeze the worm.
The worm is severely wounded.
The worm bites you!
Ouch! That really hurt!
You die...

..............
#[..#..÷.....
..............
##.......#......
##................ .#
...#.#.####.......
....###.. # # #....)...
###.....w.####.###.##.....
....#####@.....#..........
......................)...
#........###.>##...#..)..
..######....#.###..##.....
#.............###..##.....
######.####..............
#.###.........##.###
##......##.⌠.⌠).#.#..
##..#.#.###.._.......#


You could see a worm.

Vanquished Creatures
  A worm (D:2)
  2 dart slugs (D:1)
  2 giant geckos (D:1)
  2 giant cockroaches (D:1)
  5 goblins (D:1)
  3 hobgoblins (D:1)
  6 kobolds
  A quokka (D:2)
  8 bats
  2 giant newts (D:1)
  3 rats (D:1)
35 creatures vanquished.

Notes
Turn   | Place    | Note
--------------------------------------------------------------
     0 | D:1      | Lennu the Merfolk Ice Elementalist began the quest for the Orb.
     0 | D:1      | Reached XP level 1. HP: 13/13 MP: 3/3
   407 | D:1      | Reached XP level 2. HP: 19/19 MP: 5/5
  1188 | D:1      | Reached XP level 3. HP: 23/24 MP: 4/6
  1985 | D:2      | Found a sparkling altar of Nemelex Xobeh.
  2230 | D:2      | Found a radiant altar of Vehumet.
  2272 | D:2      | Mangled by a worm

Skill      XL: |  1 |
---------------+----+-----
Dodging        | 3 |  3.5
Fighting       | |  0.2
Short Blades   | |  0.2
Stealth        | |  2.3
Spellcasting   | |  2.6
Conjurations   | |  0.7
Ice Magic      | |  3.7

Action                   || total
-------------------------++-------
Melee: Unarmed           ||     5
       Short sword       ||    19
       Trident           ||     1
 Cast: Freeze            ||    52
 Stab: Sleeping          ||     5
  Eat: Chunk             ||     3
       Meat ration       ||     1
Armor: Robe              ||     9
Dodge: Dodged            ||    36
